 Dungeon Crawl Stone Soup version 0.15-a0-39-g424acf8 (webtiles) character file.

41253 PolkaDot the Bewitcher (level 13, -5/90 HPs)
             Began as a Vampire Enchanter on Apr 3, 2014.
             Was a High Priest of Ashenzari.
             Succumbed to a spiny frog's poison
             ... on Level 8 of the Lair of Beasts.
             The game lasted 02:08:06 (17737 turns).

PolkaDot the Bewitcher (Vampire Enchanter)         Turns: 17737, Time: 02:08:06

HP  -5/90        AC  9     Str  8      XL: 13   Next: 74%
MP  17/30        EV 13     Int 17      God: Ashenzari [*****.]
Gold 895         SH 13     Dex 17      Spells:  9 memorised,  1 level left

rFire  . . .     SeeInvis +     i - +4 cutlass (curse)
rCold  + . .     Clarity  +     t - +1 troll leather armour (curse)
rNeg   . . .     Conserve .     h - +0 buckler (curse)
rPois  .         rCorr    +     (no helmet)
rElec  .         rRot     .     o - +1 cloak (curse)
SustAb . .       Spirit   .     G - +0 pair of gloves (curse)
rMut   .         Warding  .     (no boots)
Saprov . . .     Stasis   .     x - cursed amulet of resist corrosion
MR     ++...                    p - cursed ring of protection from cold
                                d - cursed +4,+7 ring of slaying

@: regenerating very quickly, lethally poisoned, very resistant to hostile
enchantments, extraordinarily stealthy
A: bottle blood, fangs 3, hooves 1, see invisible, magic resistance 1,
unbreathing
a: Bottle Blood, Scrying, Transfer Knowledge, Renounce Religion


You were on level 8 of the Lair of Beasts.
You worshipped Ashenzari.
Ashenzari was extremely pleased with you.
You were almost alive.

You visited 3 branches of the dungeon, and saw 20 of its levels.
You also visited: Volcano.

You collected 1081 gold pieces.
You spent 186 gold pieces at shops.

Inventory:

Hand weapons
 i - a cursed +4,+4 cutlass (weapon)
Armour
 h - a cursed +0 buckler (worn)
 o - a cursed +1 cloak (worn)
 t - a cursed +1 troll leather armour (worn)
 G - a cursed +0 pair of gloves (worn)
Scrolls
 c - 5 scrolls of teleportation
 g - 3 scrolls of recharging
 k - a scroll of vulnerability
 m - 5 scrolls of identify
 n - a scroll of curse armour
 u - a scroll of curse weapon
 w - 2 scrolls of amnesia
 y - a scroll of remove curse
 D - 2 scrolls of fog
 H - a scroll of fear
Jewellery
 b - an uncursed amulet of warding
 d - a cursed +4,+7 ring of slaying (left hand)
 p - a cursed ring of protection from cold (right hand)
 x - a cursed amulet of resist corrosion (around neck)
Potions
 a - 8 potions of curing
 e - 3 potions of heal wounds
 f - 5 potions of coagulated blood {@w2}
 j - 2 potions of brilliance
 q - 17 potions of blood {@w2}
 v - 2 potions of haste
 z - 2 potions of cure mutation {!q}
 A - 3 potions of magic
 C - a potion of agility
 I - 4 potions of might
Books
 r - a book of Envenomations

   Spells                             Type                      Level
   Spider Form                        Transmutation/Poison         3
   Poison Weapon                      Charms/Poison                3
   Alistair's Intoxication            Transmutation/Poison         4
   Olgreb's Toxic Radiance            Poison                       4
   Poisonous Cloud                    Conjuration/Poison/Air       6
 s - a book of the Dragon

   Spells                             Type                      Level
   *Flight                            Charms/Air                   3
   *Cause Fear                        Hexes                        4
   Bolt of Fire                       Conjuration/Fire             6
   Dragon Form                        Transmutation                7
   Dragon's Call                      Summoning                    9
 E - a book of Hinderance

   Spells                             Type                      Level
   Confusing Touch                    Hexes                        1
   *Confuse                           Hexes                        3
   Petrify                            Transmutation/Earth          4
   Leda's Liquefaction                Hexes/Earth                  4
   Metabolic Englaciation             Hexes/Ice                    5
   *Summon Mana Viper                 Hexes/Summoning              5
 K - a book of Wizardry

   Spells                             Type                      Level
   Summon Elemental                   Summoning                    4
   Agony                              Necromancy                   5
   Force Lance                        Conjuration                  5
   Haste                              Charms                       6
   *Invisibility                      Hexes                        6
   Spellforged Servitor               Conjuration/Summoning        7


   Skills:
 - Level 4.7 Fighting
 - Level 9.7(13.5) Short Blades
 - Level 0.7 Throwing
 - Level 4.0 Armour
 - Level 2.1(4.2) Dodging
 + Level 17.4(19.5) Stealth
 - Level 5.2(7.9) Shields
 * Level 9.6 Spellcasting
 + Level 17.8(21.1) Hexes


You had one spell level left.
You knew the following spells:

 Your Spells              Type           Power        Failure   Level  Hunger
a - Corona                Hex            ######.      0%          1    None
b - Sure Blade            Hex/Chrm       #####.....   1%          2    None
c - Confuse               Hex            ######..     0%          3    None
d - Ensorcelled Hibernat  Hex/Ice        #####.       1%          2    None
e - Enslavement           Hex            ######..     0%          4    ###....
f - Cause Fear            Hex            ######....   0%          4    ###....
i - Invisibility          Hex            ######..     1%          6    ######.
F - Flight                Chrm/Air       ##........   21%         3    None
S - Summon Mana Viper     Hex/Summ       #####...     3%          5    ####...


Dungeon Overview and Level Annotations

Branches:
Dungeon (11/15)            Temple (1/1) D:4             Orc (0/4) D:10
   Lair (8/8) D:10         Shoals (0/5) Lair:3       Spider (0/5) Lair:6
  Slime: Lair:6-8

Altars:
Ashenzari
Cheibriados
Dithmenos
Elyvilon
Fedhas
Kikubaaqudgha
Makhleb
Nemelex Xobeh
Okawaru
Sif Muna
Trog
Vehumet
Xom
Yredelemnul
Zin
The Shining One

Shops:
D:7 =*(   D:9 %

Annotations:
Lair:3 exclusion: ice statue


Innate Abilities, Weirdness & Mutations

Your natural rate of healing is extremely fast.
You can bottle blood from corpses.
You have razor-sharp teeth.*
You have supernaturally acute eyesight.
You can survive without breathing.*
You have large cloven feet.*
You are resistant to hostile enchantments.+


Message History

Confirm with . or Enter, or press ? or * to list all spells.
Aiming: Ensorcelled Hibernation
Press: ? - help, Shift-Dir - straight line, f/p - spiny frog
Aim: a spiny frog The spiny frog resists with significant effort.
* * * LOW HITPOINT WARNING * * *
You feel very sick. The spiny frog stings you.
* * * LOW HITPOINT WARNING * * *
The spiny frog stings you!
* * * LOW HITPOINT WARNING * * *
You are more poisoned.
The spiny frog poisons you! The spiny frog stings you!
* * * LOW HITPOINT WARNING * * *
Read which item? (? for menu, Esc to quit)
Okay, then.
Casting: Ensorcelled Hibernation
Confirm with . or Enter, or press ? or * to list all spells.
The spiny frog looks frightened! x2
You die...

, ≈ , , ,, ,....P.... , ,
,, * *#*. ,...PPPP#.. ≈ ,
,≈.* #.P......P.PP.P.
≈...####......P.........
, ≈ ≈
≈P....f.#...............
, ≈
≈≈≈......................
≈ ≈
≈.P.....#...............
≈ ≈
P≈P....F.........P....#..
≈ ≈ ≈
#.F@...........P#### ≈ ,
≈≈≈≈....#..........### ≈
≈≈ ≈≈P..####.%.......##*
≈≈≈ ,
≈≈≈...#.........f..#.#**
≈ ≈ ≈
P.≈....<............# , ≈
≈ ≈
....P....%....f.f...#, ≈
≈ ...........f.fff.....,
≈ ,≈..........#ffff..PPP,
≈ ≈,, ≈≈
,..........fff....P


You could see 2 spiny frogs.

Vanquished Creatures
  Rupert (Lair:6)
  Maud (Lair:6)
  Snorg (Lair:3)
  3 hydras
  An ice dragon (Lair:3)
  Erica (Lair:7)
  6 death yaks
  A flaming corpse (Volcano)
  An oklob plant (Lair:2)
  A griffon (Lair:6)
  9 spiny frogs
  3 black mambas
  A feature mimic (D:8)
  A gargoyle (Volcano)
  A centaur zombie (D:10)
  4 komodo dragons
  A two-headed ogre (D:9)
  A troll (D:10)
  4 polar bears
  A boulder beetle (Lair:5)
  A grizzly bear (Lair:5)
  17 blink frogs
  A shark (Lair:3)
  25 yaks
  A snapping turtle (Lair:3)
  A basilisk (Lair:5)
  2 ugly things (Volcano)
  An elephant slug (Lair:5)
  A hill giant zombie (D:8)
  Eustachio (D:5)
  A spriggan (D:7)
  A wyvern (Lair:5)
  5 hippogriffs
  3 hungry ghosts
  3 fire bats (Lair:6)
  11 wolves
  A deep elf fighter (D:10)
  2 hill giant skeletons
  13 water moccasins
  9 porcupines
  10 ice beasts
  A necrophage (D:10)
  6 orc warriors
  A sky beast (D:8)
  A black bear (Lair:5)
  4 phantoms
  2 giant goldfish
  8 spiders (Lair:6)
  2 ogres
  5 centaurs
  2 big kobolds
  Sigmund (D:5)
  8 crocodiles
  5 giant slugs
  11 giant frogs
  2 earth elementals (Volcano)
  2 scorpions
  4 killer bees (D:10)
  4 jellies
  7 crimson imps
  A gnoll shaman (D:6)
  8 hounds
  Crazy Yiuf (D:5)
  10 iguanas
  4 orc wizards
  A killer bee zombie (D:6)
  6 worker ants
  Ijyb (D:4)
  A hound zombie (D:6)
  61 green rats
  6 gnolls
  14 adders
  4 giant mites
  3 shadow imps
  A white imp (Lair:3)
  4 worms
  An orc zombie (D:8)
  An adder zombie (D:9)
  13 giant geckos
  An ooze (D:1)
  29 orcs
  4 ball pythons
  13 giant cockroaches
  15 goblins
  18 hobgoblins
  26 jackals
  39 kobolds
  8 quokkas
  28 bats
  A giant gecko skeleton (D:8)
  8 giant newts
  A giant spore (D:6)
  A hobgoblin skeleton (D:5)
  2 orc skeletons
  44 rats
  A rat skeleton (D:4)
  2 ballistomycetes (D:6)
  A bush (Lair:2)
  A fungus (D:10)
  6 plants
619 creatures vanquished.

Vanquished Creatures (others)
  Nergalle (Lair:6)
  A butterfly (D:9)
2 creatures vanquished.

Grand Total: 621 creatures vanquished

Notes
Turn   | Place    | Note
--------------------------------------------------------------
     0 | D:1      | PolkaDot, the Vampire Enchanter, began the quest for the Orb.
     0 | D:1      | Reached XP level 1. HP: 13/13 MP: 3/3
   191 | D:1      | Reached XP level 2. HP: 15/20 MP: 4/4
   641 | D:1      | Reached XP level 3. HP: 22/25 MP: 6/6
   646 | D:1      | Learned a level 3 spell: Confuse
  1046 | D:2      | Reached skill level 1 in Fighting
  1046 | D:2      | Reached XP level 4. HP: 25/32 MP: 3/7
  1051 | D:2      | Learned a level 2 spell: Ensorcelled Hibernation
  1520 | D:2      | Reached skill level 5 in Hexes
  2206 | D:3      | Reached XP level 5. HP: 19/38 MP: 2/9
  2297 | D:4      | Reached skill level 6 in Hexes
  2391 | D:4      | Reached skill level 5 in Stealth
  2530 | D:4      | Noticed Ijyb
  2547 | D:4      | Killed Ijyb
  2637 | D:4      | Reached XP level 6. HP: 44/44 MP: 5/10
  2675 | D:4      | Reached skill level 7 in Hexes
  2827 | D:4      | Found a staircase to the Ecumenical Temple.
  2833 | Temple   | Entered the Ecumenical Temple
  2837 | Temple   | Became a worshipper of Ashenzari the Shackled
  3281 | D:5      | Entered Level 5 of the Dungeon
  3372 | D:5      | Reached skill level 8 in Hexes
  3372 | D:5      | Reached XP level 7. HP: 43/52 MP: 2/12
  3571 | D:5      | Noticed Sigmund
  3581 | D:5      | Killed Sigmund
  3627 | D:5      | Noticed Eustachio
  3637 | D:5      | Killed Eustachio
  3637 | D:5      | Reached skill level 9 in Hexes
  4037 | D:5      | Noticed Crazy Yiuf
  4042 | D:5      | Paralysed by Crazy Yiuf for 4 turns
  4049 | D:5      | Killed Crazy Yiuf
  4049 | D:5      | Reached XP level 8. HP: 52/60 MP: 8/13
  4203 | D:6      | Reached skill level 10 in Hexes
  4636 | D:6      | Reached skill level 11 in Hexes
  5152 | D:7      | Found a snail-covered altar of Cheibriados.
  5157 | D:7      | Found Lyptimuit's Jewellery Shop.
  5282 | D:7      | Found a blossoming altar of Fedhas.
  5291 | D:7      | Found a radiant altar of Vehumet.
  5370 | D:7      | Reached XP level 9. HP: 60/66 MP: 8/14
  5406 | D:7      | Found Erhoir Mudgh's Assorted Antiques.
  5414 | D:7      | Learned a level 6 spell: Invisibility
  5424 | D:7      | Reached skill level 12 in Hexes
  5433 | D:7      | Bought a scroll of identify for 62 gold pieces
  5433 | D:7      | Bought a scroll labeled GHIEHO MEATT for 31 gold pieces
  5433 | D:7      | Bought a scroll labeled ITAHU LAMUMY for 31 gold pieces
  5433 | D:7      | Bought a scroll labeled MYX THROUNOUDEHU for 31 gold pieces
  5433 | D:7      | Bought a scroll labeled JUISAO MEIGYGED for 31 gold pieces
  5909 | D:7      | Found Citosur's Weapon Emporium.
  5939 | D:7      | Reached skill level 10 in Stealth
  5947 | D:7      | Reached skill level 1 in Armour
  6172 | D:7      | Found a glowing silver altar of Zin.
  6284 | D:7      | Found an iron altar of Okawaru.
  6602 | D:8      | Found a shimmering altar of Xom.
  6650 | D:8      | Killed a fountain mimic
  6650 | D:8      | Reached skill level 13 in Hexes
  6718 | D:8      | Found a bloodstained altar of Trog.
  7319 | D:8      | Reached XP level 10. HP: 25/73 MP: 1/16
  7568 | D:9      | Reached skill level 1 in Shields
  7613 | D:9      | Found Nimaemoh's Food Emporium.
  7641 | D:9      | Found a flagged portal.
  7694 | D:9      | Found a basalt altar of Yredelemnul.
  8327 | D:9      | Learned a level 3 spell: Flight
  8396 | D:10     | Entered Level 10 of the Dungeon
  8396 | D:10     | Found a staircase to the Orcish Mines.
  8687 | D:10     | Found a staircase to the Lair.
  8919 | D:10     | Reached skill level 14 in Hexes
  9149 | D:10     | Reached skill level 5 in Shields
  9393 | D:10     | Acquired Ashenzari's first power
  9882 | Lair:1   | Entered Level 1 of the Lair of Beasts
  9882 | Lair:1   | Noticed a five-headed hydra
  9904 | Lair:1   | Killed a seven-headed hydra
  9904 | Lair:1   | Reached XP level 11. HP: 59/78 MP: 1/20
 10274 | Lair:1   | Reached skill level 5 in Short Blades
 11458 | Lair:2   | Acquired Ashenzari's second power
 11494 | Lair:2   | Reached skill level 15 in Hexes
 12275 | Lair:3   | Noticed an ice statue
 12510 | Lair:3   | Noticed a death yak
 12510 | Lair:3   | Noticed a death yak
 12518 | Lair:3   | Killed a death yak
 12519 | Lair:3   | Noticed a death yak
 12521 | Lair:3   | Killed a death yak
 12521 | Lair:3   | Reached XP level 12. HP: 84/84 MP: 15/21
 12525 | Lair:3   | Killed a death yak
 12907 | Lair:3   | Found a staircase to the Shoals.
 12907 | Lair:3   | Noticed Snorg
 12911 | Lair:3   | Killed Snorg
 12911 | Lair:3   | Reached skill level 15 in Stealth
 13093 | Lair:3   | Noticed an ice dragon
 13160 | Lair:3   | Reached skill level 16 in Hexes
 13202 | Lair:3   | Killed an ice dragon
 13208 | Lair:3   | Learned a level 4 spell: Enslavement
 14012 | Lair:4   | Reached skill level 5 in Spellcasting
 14017 | Lair:4   | Learned a level 2 spell: Sure Blade
 14730 | Lair:5   | Acquired Ashenzari's third power
 15146 | Lair:5   | HP: 4/84 [blink frog (7)]
 15713 | Lair:6   | Found a hole to the Spider Nest.
 15744 | Lair:6   | Reached XP level 13. HP: 24/90 MP: 19/28
 15770 | Lair:6   | Killed Nergalle
 15771 | Lair:6   | Identified the cursed -4 pair of gloves of the Tundras {Dex+5 Int+2}
 15801 | Lair:6   | Noticed Maud
 15805 | Lair:6   | Killed Maud
 15805 | Lair:6   | Reached skill level 17 in Hexes
 15809 | Lair:6   | Found a dark tunnel.
 15855 | Lair:6   | Learned a level 4 spell: Cause Fear
 15861 | Volcano  | Entered a volcano
 16381 | Lair:6   | Acquired Ashenzari's fourth power
 16533 | Lair:6   | Noticed Rupert
 16534 | Lair:6   | Identified the cursed -1 robe of the Invisible Hand {Str+3 Int-3}
 16577 | Lair:6   | Killed Rupert
 17014 | Lair:7   | Noticed Erica
 17021 | Lair:7   | Killed Erica
 17165 | Lair:7   | Learned a level 5 spell: Summon Mana Viper
 17283 | Lair:7   | Gained mutation: You have large cloven feet. [potion of mutation]
 17283 | Lair:7   | Gained mutation: You are resistant to hostile enchantments. [potion of mutation]
 17689 | Lair:8   | Entered Level 8 of the Lair of Beasts
 17736 | Lair:8   | HP: 1/90 [spiny frog (14)]
 17737 | Lair:8   | Succumbed to a spiny frog's poison

Action                   |  1- 3 |  4- 6 |  7- 9 | 10-12 | 13-15 || total
-------------------------+-------+-------+-------+-------+-------++-------
Melee: Dagger            |   170 |     7 |       |       |       ||   177
       Short sword       |       |   406 |   489 |   373 |       ||  1268
       Cutlass           |       |       |       |   624 |   197 ||   821
 Cast: Corona            |     1 |       |       |       |       ||     1
       Confuse           |     1 |     6 |    17 |    17 |     2 ||    43
       Ensorcelled Hiber |       |    25 |    67 |    91 |    12 ||   195
       Invisibility      |       |       |     2 |    21 |     3 ||    26
       Flight            |       |       |       |     3 |     1 ||     4
       Sure Blade        |       |       |       |       |    12 ||    12
       Cause Fear        |       |       |       |       |     1 ||     1
 Abil: Bottle Blood      |       |       |     8 |    84 |    10 ||   102
Evoke: Wand              |       |       |     2 |     2 |       ||     4
  Use: Potion            |     1 |     5 |    10 |    65 |    20 ||   101
       Scroll            |       |     7 |    14 |    27 |     6 ||    54
 Stab: Sleeping          |     6 |    17 |    61 |   167 |    26 ||   277
       Confused          |       |     3 |    16 |     9 |     1 ||    29
       Distracted        |       |     1 |     3 |     4 |     1 ||     9
       Invisible         |       |       |     1 |    16 |    20 ||    37
